 Dungeon Crawl Stone Soup version 0.12.2-9-gf1dcfd2 (webtiles) character file.

255902 plrin the Earth Mage (level 20, -15/152 HPs)
             Began as a White Draconian Monk on June 20, 2013.
             Was the Champion of Vehumet.
             Killed from afar by a fire giant (33 damage)
             ... with a fireball
             ... on Level 26 of the Dungeon on June 29, 2013.
             The game lasted 09:48:54 (89912 turns).

plrin the Earth Mage (White Draconian Monk)        Turns: 89912, Time: 09:48:55

HP -15/152       AC 18     Str 20      XL: 20   Next: 41%
MP  26/39        EV 13     Int 19      God: Vehumet [******]
Gold 1505        SH 11     Dex 14      Spells: 11 memorised,  5 levels left

Res.Fire  : . . .   See Invis. : .   y - staff of energy
Res.Cold  : + + .   Warding    : .   (armour unavailable)
Life Prot.: . . .   Conserve   : .   x - +0 orc buckler
Res.Poison: +       Res.Corr.  : .   J - +0 cap
Res.Elec. : .       Clarity    : .   p - +2 cloak of Seacy {Str+3 Int+2 Curse}
Sust.Abil.: . .     Spirit.Shd : .   z - +1 pair of gloves of the Beekeeper {rC+ MR Res.Mut. : + Stasis : . j - +2 pair of elf boots Res.Rott. : . Ctrl.Telep.: . U - amulet of resist mutation Saprovore : . . . Flight : . s - ring of protection from magic w - ring of poison resistance

@: repel missiles, extremely resistant to hostile enchantments, fairly stealthy
A: breathe frost, unfitting armour, cold resistance 1, deformed body, herbivore
1, AC +10, Str +1
a: Breathe Frost, Renounce Religion


You were on level 26 of the Dungeon.
You worshipped Vehumet.
Vehumet was exalted by your worship.
You were not hungry.

You visited 5 branches of the dungeon, and saw 42 of its levels.
You also visited: Wizlab.

You collected 3439 gold pieces.
You spent 1934 gold pieces at shops.

Inventory:

Armour
 j - a +2 pair of elven boots (worn)
 p - the cursed +2 cloak of Seacy (worn) {Str+3 Int+2 Curse}
   (You bought it in a shop on level 4 of the Orcish Mines)

   It affects your strength (+3).
   It affects your intelligence (+2).
   It may recurse itself.
   It has a curse placed upon it.
 x - a +0 orcish buckler (worn)
 z - the +1 pair of gloves of the Beekeeper (worn) {rC+ MR}
   (You bought it in a shop on level 4 of the Orcish Mines)

   It protects you from cold.
   It affects your resistance to hostile enchantments.
 J - a +0 cap (worn)
Magical devices
 q - a wand of lightning (3)
 t - a wand of disintegration (10)
 C - a wand of teleportation (2)
 H - a wand of digging (11)
Comestibles
 g - 8 bread rations
 k - 8 meat rations
Scrolls
 d - a scroll of amnesia
 h - 5 scrolls of summoning
 i - a scroll of identify
 l - 2 scrolls of teleportation
 I - a scroll of recharging
 L - 6 scrolls of remove curse
 N - a scroll of vulnerability
 Q - 2 scrolls of enchant weapon I
 R - 3 scrolls of fog
 T - 2 scrolls of enchant armour
 W - a scroll of magic mapping
Jewellery
 a - a cursed amulet of the gourmand
 c - an uncursed ring of fire
 e - an uncursed amulet of resist corrosion
 f - an uncursed ring of sustain abilities
 s - a ring of protection from magic (right hand)
 w - a ring of poison resistance (left hand)
 D - an uncursed amulet of clarity
 F - an uncursed ring of protection from cold
 O - an uncursed ring of regeneration
 S - the amulet "Dadgh" {Spirit +Blink rC+ MR}
   (You found it on level 16 of the Dungeon)

   [amulet of guardian spirit]

   It protects you from cold.
   It affects your resistance to hostile enchantments.
   It lets you blink.
 U - an amulet of resist mutation (around neck)
Potions
 u - 2 potions of brilliance
 A - 4 potions of curing
 B - 2 potions of resistance
 V - a potion of speed
 X - 2 potions of flight
Books
 m - a book of Frost

   Spells                             Type                      Level
   Freeze                             Ice                          1
   Throw Frost                        Conjuration/Ice              2
   Ozocubu's Armour                   Charms/Ice                   3
   *Throw Icicle                      Conjuration/Ice              4
   Summon Ice Beast                   Ice/Summoning                4
   Condensation Shield                Ice                          4
 n - a book of the Earth

   Spells                             Type                      Level
   Dig                                Earth                        4
   Leda's Liquefaction                Hexes/Earth                  4
   Bolt of Magma                      Conjuration/Fire/Earth       5
   Statue Form                        Transmutation/Earth          6
   Iron Shot                          Conjuration/Earth            6
   Shatter                            Earth                        9
 M - a book of Summonings

   Spells                             Type                      Level
   *Abjuration                        Summoning                    3
   Recall                             Summoning/Translocation      3
   Summon Elemental                   Summoning                    4
   *Shadow Creatures                  Summoning                    5
   Summon Demon                       Summoning                    5
   Summon Ugly Thing                  Summoning                    6
 P - a book of Transfigurations

   Spells                             Type                      Level
   Stoneskin                          Transmutation/Earth          2
   Polymorph                          Hexes/Transmutation          4
   Ice Form                           Ice/Transmutation            4
   Statue Form                        Transmutation/Earth          6
   Dragon Form                        Transmutation                7
Magical staves
 b - an uncursed staff of cold
 o - an uncursed staff of earth
 y - an uncursed staff of energy (weapon)
Miscellaneous
 r - a crystal ball of energy


   Skills:
 - Level 7.3 Fighting
 - Level 4.0 Staves
 - Level 2.6 Dodging
 - Level 1.7 Stealth
 - Level 5.0 Shields
 - Level 10.0 Unarmed Combat
 - Level 15.0 Spellcasting
 * Level 17.2 Conjurations
   Level 2.0 Hexes
 - Level 3.3 Charms
 - Level 9.3 Summonings
 - Level 5.0 Translocations
 - Level 1.4 Transmutations
 - Level 1.1 Fire Magic
 - Level 15.7 Ice Magic
 - Level 8.0 Air Magic
 - Level 17.5 Earth Magic
   Level 2.3 Poison Magic


You had 5 spell levels left.
You knew the following spells:

 Your Spells              Type           Power        Failure   Level  Hunger
a - Passwall              Trmt/Erth      #######...   1%          3    None
b - Iskenderun's Mystic   Conj           #######..    1%          4    None
c - Airstrike             Air            ######....   1%          4    None
d - Blink                 Tloc           N/A          1%          2    None
e - Repel Missiles        Chrm/Air       ######....   1%          2    None
f - Abjuration            Summ           ######....   1%          3    None
n - Conjure Flame         Conj/Fire      ######...    1%          3    None
s - Shadow Creatures      Summ           N/A          2%          5    ##.....
v - Freezing Cloud        Conj/Ice/Air   #######...   1%          6    ###....
x - Throw Icicle          Conj/Ice       #######..    1%          4    None
z - Lehudib's Crystal Sp  Conj/Erth      #######...   7%          8    ####...


Dungeon Overview and Level Annotations

Branches:
Dungeon (26/27)            Temple (1/1) D:7             Orc (4/4) D:10
    Elf (3/3) Orc:4          Lair (8/8) D:10         Shoals (0/5) Lair:4
 Spider (0/5) Lair:4        Slime (0/6) Lair:6       Vaults (0/5) D:20

Altars:
Ashenzari
Elyvilon
Fedhas
Kikubaaqudgha
Makhleb
Nemelex Xobeh
Okawaru
Sif Muna
Vehumet
Xom
Yredelemnul
Zin
the Shining One
Beogh

Shops:
D:15: ? D:17: % D:21: = Orc:1: [ Orc:4: [?!%/[%%

Portals:
Hell: D:21 D:22 D:23 D:24 D:25 Lair:8
Abyss: D:23 D:25
Pandemonium: D:23 D:24

Annotations
D:7 exclusion: oklob plant
D:20 Mennas
Orc:4 exclusion: silver statue
Lair:2 exclusion: oklob plant


Innate Abilities, Weirdness & Mutations

You can breathe waves of freezing cold.
You can buffet flying creatures when you breathe cold.
Your icy white scales are hard (AC +10).
Your body does not fit into most forms of armour.
Your cold-blooded metabolism reacts poorly to cold.
Your flesh is cold resistant.
Your body is misshapen.
You digest meat inefficiently.
Your muscles are strong (Str +1).


Message History

You feel protected from missiles.
The stone giant throws a large rock.
The large rock hits you!
* * * LOW HITPOINT WARNING * * *
The fire giant is engulfed in freezing vapours.
The fire giant points at you and mumbles some strange words.
The bolt of fire hits you!
* * * LOW HITPOINT WARNING * * *
The fire giant is engulfed in freezing vapours.
The fire giant gestures at you while chanting.
You hear a sizzling sound!
Drink which item? (? for menu, Esc to quit)
Okay, then.
Drink which item? (? for menu, Esc to quit)
You feel better.
The stone giant is engulfed in freezing vapours.
The stone giant throws a large rock.
You block the large rock.
The fire giant is engulfed in freezing vapours.
The fire giant points at you and mumbles some strange words.
The fireball explodes!
The fireball engulfs you!
You die...

. ...
#§..#
#§§§§.
###C§§C§$
#.(§§§#
##@..C#
#<...##
#...##
#....#
##...#
....#
...##
..## .##


You could see 2 fire giants and a stone giant.

Vanquished Creatures
  Norris (D:17)
  A golden dragon (D:25)
  Nikola (Elf:1)
  A tentacled monstrosity (D:25)
  Kirke (Elf:1)
  A sphinx (D:25)
  Rupert (D:17)
  Agnes (D:16)
  Aizul (D:19)
  A frost giant (D:24)
  Louise (D:17)
  Maud (Elf:1)
  3 fire giants
  7 stone giants
  Jorgrun (D:18)
  Azrael (Elf:1)
  An ettin (shapeshifter) (D:19)
  3 great orbs of eyes
  20 yaktaur captains
  A dragon (shapeshifter) (D:21)
  A siren (shapeshifter) (D:25)
  Fannar (Elf:2)
  Josephine (D:12)
  2 ice dragons (D:25)
  The ghost of smajdalf the Impaler, a powerful MfGl of Fedhas (Lair:2)
  The ghost of Yanussar the Covert, a powerful OpVM of Sif Muna (Orc:3)
  7 hydras
  12 ogre magi
  4 deep troll shamans
  A deep elf demonologist (Elf:2)
  A wolf spider zombie (D:19)
  5 deep troll earth magi
  21 centaur warriors
  A sphinx skeleton (D:17)
  8 very ugly things
  Urug (Orc:4)
  A rakshasa (D:18)
  Nergalle (Orc:3)
  21 deep trolls
  A stone giant skeleton (D:15)
  A sun demon (Lair:7)
  A catoblepas (Lair:8)
  13 orc knights
  A giant orange brain (D:20)
  9 deep elf knights
  An iron troll (D:24)
  Erolcha (D:9)
  A guardian serpent (D:12)
  5 unseen horrors
  A lindwurm (shapeshifter) (D:20)
  7 large abominations (WizLab)
  Pikel (D:4)
  A necromancer (D:22)
  2 giant amoebae
  12 hill giants
  A phantasmal warrior (D:25)
  3 flayed ghosts
  2 red wasps
  7 griffons
  3 spiny worms
  A spiny worm (shapeshifter) (D:20)
  2 orc sorcerers
  An oklob plant (D:16)
  9 cyclopes
  A wizard (D:21)
  A fire crab (shapeshifter) (D:20)
  A fire crab (D:20)
  An ettin zombie (D:17)
  A harpy skeleton (D:14)
  3 wolf spiders
  A griffon zombie (D:17)
  2 elephant slugs
  31 yaktaurs
  13 elephants
  4 feature mimics
  3 black mambas
  62 slime creatures
  An orange demon (Lair:7)
  12 spiny frogs
  6 hellwings
  5 hill giant zombies
  Psyche (D:12)
  An iron devil (Elf:1)
  99 ugly things
  2 hill giant skeletons
  6 komodo dragons
  A smoke demon (Lair:8)
  An efreet (D:12)
  Prince Ribbit (D:4)
  An agate snail zombie (D:18)
  32 two-headed ogres
  A giant leech (shapeshifter) (D:16)
  A hydra simulacrum (D:15)
  10 trolls
  2 basilisks
  18 blink frogs
  An air elemental (Orc:1)
  4 vampires
  3 wyverns
  A shark (D:15)
  51 yaks
  A blink frog skeleton (D:12)
  6 deep elf conjurers
  7 fire elementals
  A blink frog zombie (D:10)
  Eustachio (D:4)
  16 deep elf fighters
  13 hippogriffs
  3 hogs (Elf:1)
  Grum (D:12)
  A wraith (D:20)
  2 hungry ghosts
  A steam dragon (D:12)
  A trapdoor spider (D:11)
  2 yaktaur zombies
  7 deep elf summoners
  2 rock worms
  25 war dogs
  4 fire drakes
  4 molten gargoyles (Elf:1)
  A clay golem (WizLab)
  A giant slug zombie (D:21)
  4 manticores
  21 vampire mosquitoes
  A spiny worm simulacrum (D:20)
  3 mottled dragons
  4 boulder beetles
  5 soldier ants
  2 yaktaur skeletons
  Menkaure (D:5)
  3 freezing wraiths
  2 necrophages
  5 deep elf priests
  41 orc warriors
  A cyclops zombie (D:9)
  2 red devils (Lair:8)
  2 sky beasts
  6 small abominations (WizLab)
  A wyvern skeleton (D:12)
  10 giant goldfish
  A hippogriff zombie (D:12)
  9 ice beasts
  A phantom (D:12)
  3 hell hounds
  A yak zombie (D:10)
  2 yellow wasps
  2 cyclops skeletons
  A troll zombie (D:10)
  62 ogres
  26 centaurs
  3 big kobolds
  11 wargs
  A boring beetle (shapeshifter) (D:21)
  16 crocodiles
  Sigmund (D:5)
  Duvessa (D:5)
  6 boring beetles
  16 giant slugs
  A rotting devil (Lair:8)
  A giant slug (shapeshifter) (D:21)
  A giant frog zombie (D:12)
  3 brain worms
  A boring beetle zombie (D:18)
  A centaur zombie (D:5)
  2 basilisk zombies
  9 deep elf magi
  2 giant frog skeletons
  2 centaur skeletons
  Blork the orc (D:7)
  6 agate snails
  18 giant frogs
  A two-headed ogre skeleton (D:9)
  16 water moccasins
  A water moccasin zombie (D:5)
  6 jellyfish
  An elf (WizLab)
  3 eyes of draining
  14 killer bees (D:13)
  8 wights
  2 electric eels (D:24)
  22 pulsating lumps (WizLab)
  The ghost of Sar the Blasphemer, a weakling SEPr of Zin (D:3)
  A mottled dragon zombie (D:16)
  A brain worm zombie (D:14)
  5 goliath beetles
  Dowan (D:5)
  An ogre skeleton (D:10)
  2 scorpions
  13 big fish
  33 orc priests
  12 crimson imps
  14 hounds
  6 iguanas
  An orange rat (shapeshifter) (D:16)
  5 porcupines
  2 shadows
  36 orc wizards
  9 worker ants
  16 deep elf soldiers
  18 sheep
  3 jellies
  A boggart (D:18)
  10 gnolls
  An iguana zombie (D:5)
  31 adders
  6 giant centipedes
  53 green rats
  A scorpion zombie (D:5)
  A shadow imp (D:4)
  An inept feature mimic (D:3)
  4 worms
  3 giant mites
  4 grey rats (D:4)
  8 giant eyeballs
  11 giant geckos
  An ooze (D:6)
  222 orcs
  17 bats
  6 giant cockroaches
  21 hobgoblins
  16 jackals
  19 quokkas
  A ball python (D:3)
  4 giant newts
  20 goblins
  21 kobolds
  2 orc skeletons
  29 rats
  A rat zombie (D:5)
  8 ballistomycetes
  2 crawling corpses (Elf:2)
  5 fungi
  4 plants (D:24)
1825 creatures vanquished.

Vanquished Creatures (collateral kills)
  A tentacled monstrosity (WizLab)
  A shadow dragon (D:25)
  Roxanne (Elf:2)
  The ghost of kober the Blademaster, a mighty KoBe of Trog (D:17)
  A dire elephant (Lair:8)
  2 storm dragon skeletons
  A wizard (Lair:8)
  A hydra (D:19)
  An ogre mage (D:18)
  A statue (D:21)
  2 deep troll shamans (D:23)
  A rakshasa (D:19)
  2 fire giant zombies
  3 stone giant zombies
  An iron golem (D:20)
  A deep troll (D:23)
  3 stone giant skeletons
  A shadow wraith (D:23)
  3 frost giant skeletons
  4 skeletal warriors (D:21)
  A swamp dragon (Lair:5)
  A giant amoeba (D:20)
  An iron troll zombie (D:18)
  An unseen horror (D:18)
  2 orc knights (D:21)
  Joseph (Orc:1)
  An iron troll skeleton (D:23)
  A wolf spider (D:24)
  2 ettin zombies
  An ettin skeleton (D:22)
  An elephant (Lair:8)
  A yaktaur (D:22)
  A redback simulacrum (D:20)
  3 trolls
  2 two-headed ogres (D:18)
  4 deep troll skeletons
  5 vampire mosquitoes
  3 yaks
  A giant slug zombie (Lair:8)
  A yaktaur skeleton (D:21)
  A red devil (Lair:8)
  7 ogres
  A giant slug (D:24)
  A brain worm (D:21)
  An iguana (Lair:5)
  A deep elf soldier (D:19)
  2 green rats (Lair:3)
  An orc (Orc:1)
  2 giant newts (Lair:5)
  3 illusory rakshasas (D:19)
  3 spectral orcs (Orc:3)
  A fungus (Elf:2)
90 creatures vanquished.

Vanquished Creatures (others)
  2 stone giants
  A fire giant (D:24)
  5 yaktaur captains
  2 ogre magi
  A dragon (D:20)
  A hydra (D:21)
  3 centaur warriors
  A shadow dragon skeleton (D:24)
  A deep troll (D:23)
  A frost giant skeleton (D:19)
  2 slime creatures
  A giant orange brain (D:20)
  2 deep elf knights (D:20)
  A flayed ghost (D:25)
  A harpy (D:18)
  5 orc knights
  A lindwurm (shapeshifter) (D:21)
  2 unseen horrors
  2 hill giants (D:20)
  An orc sorcerer (D:23)
  3 wolf spiders
  A griffon (D:22)
  A giant amoeba (D:20)
  A red wasp (D:20)
  3 cyclopes
  An ettin skeleton (D:22)
  14 yaktaurs
  A spiny frog (Lair:8)
  22 ugly things
  2 komodo dragons
  A brown ooze (shapeshifter) (D:23)
  A baby alligator (shapeshifter) (D:25)
  A grizzly bear (shapeshifter) (D:21)
  A harpy simulacrum (D:20)
  4 two-headed ogres
  A giant firefly (shapeshifter) (D:20)
  A wraith (D:20)
  A fire crab zombie (D:20)
  A merfolk (shapeshifter) (D:18)
  4 deep elf fighters
  5 vampire mosquitoes
  3 deep elf summoners
  3 hippogriffs
  A mottled dragon (D:18)
  A yaktaur skeleton (D:20)
  A manticore (D:18)
  4 ogres
  5 orc warriors
  A slave (D:4)
  A deep elf mage (Elf:2)
  A centaur (Lair:4)
  A hippogriff zombie (D:12)
  A rotting devil (D:24)
  A water moccasin (Lair:4)
  A big kobold (D:18)
  A brain worm (D:20)
  A giant slug (D:20)
  2 agate snails
  A giant frog (D:16)
  An eye of draining (shapeshifter) (D:23)
  A pulsating lump (WizLab)
  A wight (D:16)
  4 crimson imps (Lair:2)
  A hound (Lair:5)
  An iron imp (Elf:2)
  A scorpion (D:13)
  5 deep elf soldiers
  2 sheep (D:20)
  A worker ant (D:4)
  2 boggarts
  3 green rats (Lair:8)
  A giant centipede (D:10)
  7 white imps
  A bat skeleton (D:4)
  18 orcs
  2 hobgoblins (D:4)
  2 jackals (D:4)
  3 kobolds
  A quokka (Lair:3)
  A giant newt (D:4)
  4 giant spores
  A goblin (D:4)
  2 rats
  10 fungi
  12 plants
224 creatures vanquished.

Grand Total: 2139 creatures vanquished

Notes
Turn   | Place    | Note
--------------------------------------------------------------
     0 | D:1      | plrin, the Draconian Monk, began the quest for the Orb.
     0 | D:1      | Reached XP level 1. HP: 17/17 MP: 0/0
   699 | D:1      | Reached XP level 2. HP: 22/24 MP: 1/1
  1229 | D:2      | Reached skill level 5 in Unarmed Combat
  1245 | D:2      | Reached XP level 3. HP: 30/30 MP: 2/2
  2165 | D:2      | Reached XP level 4. HP: 37/37 MP: 3/3
  2256 | D:3      | Found a glowing golden altar of the Shining One.
  2548 | D:3      | Reached skill level 6 in Unarmed Combat
  2675 | D:3      | Noticed Sar's ghost (weakling SEPr)
  2697 | D:3      | Killed Sar's ghost
  2697 | D:3      | Reached XP level 5. HP: 34/44 MP: 4/4
  3289 | D:4      | Noticed Prince Ribbit
  3426 | D:4      | Reached skill level 7 in Unarmed Combat
  3570 | D:4      | Found a radiant altar of Vehumet.
  3592 | D:4      | Noticed a slave
  3622 | D:4      | Noticed Pikel
  3622 | D:4      | Noticed a slave
  3623 | D:4      | Noticed a slave
  3624 | D:4      | Noticed a slave
  3680 | D:4      | Killed Pikel
  3680 | D:4      | Reached skill level 9 in Unarmed Combat
  3680 | D:4      | Reached XP level 6. HP: 20/50 MP: 5/5
  3680 | D:4      | Your scales start taking on an icy white colour.
  3680 | D:4      | Gained mutation: Your flesh is cold resistant. [draconian maturity]
  3680 | D:4      | Reached XP level 7. HP: 22/56 MP: 6/6
  3908 | D:4      | Learned a level 3 spell: Abjuration
  3927 | D:4      | Noticed Eustachio
  3937 | D:4      | Noticed a centaur
  3950 | D:4      | Killed a centaur
  4002 | D:4      | Got an encrusted spear
  4087 | D:4      | Killed Eustachio
  4181 | D:4      | Killed a freed slave
  4202 | D:4      | Identified the cursed spear "Smotaote" {pierce, rC+ Dex+4} (You took it off a centaur on level 4 of the Dungeon)
  4232 | D:4      | Reached skill level 10 in Unarmed Combat
  4232 | D:4      | Reached XP level 8. HP: 60/63 MP: 7/7
  4504 | D:4      | Killed Prince Ribbit
  4860 | D:4      | Became a worshipper of Vehumet
  4860 | D:4      | Acquired Vehumet's first power
  4860 | D:4      | Offered knowledge of Shock by Vehumet.
  5204 | D:5      | Entered Level 5 of the Dungeon
  5204 | D:5      | Noticed Menkaure
  5210 | D:5      | Killed Menkaure
  5270 | D:5      | Offered knowledge of Flame Tongue by Vehumet.
  5451 | D:5      | Paralysed by a giant eyeball for 2 turns
  5458 | D:5      | Paralysed by a giant eyeball for 4 turns
  5654 | D:5      | Paralysed by a giant eyeball for 3 turns
  5693 | D:5      | Noticed Sigmund
  5777 | D:5      | Reached skill level 5 in Summonings
  5839 | D:5      | Reached skill level 1 in Shields
  6359 | D:6      | Found a sparkling altar of Nemelex Xobeh.
  6382 | D:6      | Reached XP level 9. HP: 65/69 MP: 8/8
  6403 | D:6      | Noticed a hill giant skeleton
  6436 | D:6      | Killed a hill giant skeleton
  6436 | D:6      | Offered knowledge of Mephitic Cloud by Vehumet.
  6447 | D:6      | Learned a level 3 spell: Mephitic Cloud
  6950 | D:5      | Killed Sigmund
  6990 | D:5      | Reached skill level 5 in Shields
  7119 | D:5      | Reached skill level 1 in Conjurations
  7119 | D:5      | Reached skill level 1 in Air Magic
  7119 | D:5      | Reached skill level 1 in Poison Magic
  7131 | D:5      | Acquired Vehumet's second power
  7145 | D:5      | Noticed Duvessa
  7145 | D:5      | Noticed Dowan
  7173 | D:5      | Killed Duvessa
  7191 | D:5      | Killed Dowan
  7364 | D:6      | Found a shimmering altar of Xom.
  8190 | D:7      | Found a staircase to the Ecumenical Temple.
  8218 | D:7      | Noticed Blork the orc
  8328 | D:7      | Killed Blork the orc
  8976 | D:7      | Offered knowledge of Conjure Flame by Vehumet.
  9120 | D:7      | Found a blossoming altar of Fedhas.
  9156 | D:7      | Learned a level 3 spell: Conjure Flame
  9181 | D:7      | Noticed an oklob plant
  9285 | D:7      | Reached skill level 1 in Spellcasting
  9709 | Temple   | Entered the Ecumenical Temple
  9940 | D:8      | Reached XP level 10. HP: 72/77 MP: 12/14
  9998 | D:8      | Learned a level 2 spell: Repel Missiles
 10001 | D:8      | Learned a level 2 spell: Blink
 10625 | D:9      | Reached skill level 1 in Charms
 11228 | D:9      | Noticed Erolcha
 11798 | D:9      | Killed Erolcha
 11913 | D:8      | Acquired Vehumet's third power
 11922 | D:8      | Learned a level 4 spell: Throw Icicle
 11960 | D:9      | Paralysed by a giant eyeball for 4 turns
 12051 | D:8      | Reached skill level 1 in Ice Magic
 12263 | D:9      | Reached skill level 1 in Fire Magic
 12583 | D:9      | Offered knowledge of Lee's Rapid Deconstruction by Vehumet.
 12714 | D:10     | Entered Level 10 of the Dungeon
 12714 | D:10     | Noticed a cyclops
 12962 | D:9      | Reached skill level 1 in Translocations
 13285 | D:9      | Reached skill level 5 in Ice Magic
 14339 | D:10     | Found a staircase to the Lair.
 14390 | D:10     | Reached XP level 11. HP: 28/82 MP: 7/20
 15167 | D:10     | Killed a cyclops
 15256 | D:10     | Gained mutation: You are agile (Dex +1). [potion of gain dexterity]
 15292 | D:10     | Noticed a hill giant
 15328 | D:10     | Killed a hill giant
 15328 | D:10     | Offered knowledge of Airstrike by Vehumet.
 15328 | D:10     | Reached skill level 5 in Translocations
 15677 | D:10     | Reached skill level 5 in Spellcasting
 16656 | D:10     | Found a staircase to the Orcish Mines.
 16938 | Lair:1   | Entered Level 1 of the Lair of Beasts
 17002 | Lair:1   | Learned a level 4 spell: Airstrike
 17305 | Lair:1   | Reached skill level 5 in Air Magic
 19036 | Lair:2   | Noticed smajdalf's ghost (powerful MfGl)
 19424 | Lair:2   | Noticed a six-headed hydra
 19747 | Lair:1   | Learned a level 2 spell: Call Imp
 20919 | Lair:2   | Killed a six-headed hydra
 21062 | Lair:2   | Killed smajdalf's ghost
 21370 | Lair:2   | Reached XP level 12. HP: 82/86 MP: 28/28
 21691 | Lair:3   | Reached skill level 10 in Spellcasting
 21823 | Lair:3   | Noticed a four-headed hydra
 21854 | Lair:3   | Killed a four-headed hydra
 22194 | Lair:3   | Reached skill level 11 in Spellcasting
 22762 | Lair:3   | Reached skill level 5 in Conjurations
 23784 | Lair:4   | Found a hole to the Spider Nest.
 23949 | Lair:3   | Offered knowledge of Iskenderun's Mystic Blast by Vehumet.
 24009 | Lair:3   | Learned a level 4 spell: Iskenderun's Mystic Blast
 25355 | Lair:4   | Learned a level 5 spell: Shadow Creatures
 25998 | Lair:4   | Found a staircase to the Shoals.
 27182 | Lair:5   | Found a staircase to the Swamp.
 29262 | Lair:6   | Reached skill level 10 in Ice Magic
 29888 | Lair:6   | Reached XP level 13. HP: 92/92 MP: 26/30
 30376 | Lair:6   | Noticed an acid blob
 30377 | Lair:6   | Found a staircase to the Slime Pits.
 30377 | Lair:6   | Noticed an acid blob
 30377 | Lair:6   | Noticed an acid blob
 32887 | Lair:8   | Entered Level 8 of the Lair of Beasts
 33233 | Lair:8   | Offered knowledge of Delayed Fireball by Vehumet.
 33378 | Lair:8   | Noticed a six-headed hydra
 33384 | Lair:8   | Killed a six-headed hydra
 33473 | Lair:8   | Noticed a crazed wizard
 33482 | Lair:8   | Killed a crazed wizard
 33515 | Lair:8   | Found a burning altar of Makhleb.
 33529 | Lair:8   | Noticed a five-headed hydra
 33921 | Lair:7   | Killed a five-headed hydra
 33921 | Lair:7   | Reached skill level 12 in Spellcasting
 35366 | Lair:8   | Found a gateway to Hell.
 35377 | Lair:8   | Got a glistering book
 35380 | Lair:8   | Identified the Reference Book on Stones (You found it on level 8 of the Lair of Beasts)
 35571 | Lair:8   | Noticed a dire elephant
 35592 | Lair:8   | Killed a dire elephant
 35592 | Lair:8   | Reached skill level 13 in Spellcasting
 36791 | Lair:8   | Learned a level 6 spell: Freezing Cloud
 37440 | Lair:2   | Learned a level 1 spell: Confusing Touch
 37675 | Orc:1    | Entered Level 1 of the Orcish Mines
 37675 | Orc:1    | Noticed Joseph
 37694 | Orc:1    | Killed Joseph
 37936 | Orc:1    | Found a roughly hewn altar of Beogh.
 37998 | Orc:2    | Reached skill level 1 in Hexes
 38129 | Orc:3    | Noticed Yanussar's ghost (powerful OpVM)
 38149 | Orc:1    | Found Kliarron's Armour Shoppe.
 38928 | Orc:2    | Reached skill level 14 in Spellcasting
 38928 | Orc:2    | Reached XP level 14. HP: 60/102 MP: 4/34
 39510 | Orc:2    | Offered knowledge of Ignite Poison by Vehumet.
 39966 | Orc:3    | Killed Yanussar's ghost
 40213 | Orc:3    | Noticed Nergalle
 40303 | Orc:3    | Reached XP level 13. HP: 75/95 MP: 32/32
 41621 | Orc:3    | Killed Nergalle
 41952 | Orc:4    | Entered Level 4 of the Orcish Mines
 42064 | Orc:4    | Found Pnodaulu's Food Shoppe.
 42068 | Orc:4    | Found Jauleiwo's Food Emporium.
 42076 | Orc:4    | Bought a meat ration for 44 gold pieces
 42076 | Orc:4    | Bought a meat ration for 44 gold pieces
 42542 | Orc:4    | Found Shomyum's Antique Armour Boutique.
 42552 | Orc:4    | Bought a pair of twisted gloves for 167 gold pieces
 42553 | Orc:4    | Identified the +1 pair of gloves of the Beekeeper {rC+ MR} (You bought it in a shop on level 4 of the Orcish Mines)
 42593 | Orc:4    | Found Risypose's Magical Wand Emporium.
 42635 | Orc:4    | Found a roughly hewn altar of Beogh.
 42635 | Orc:4    | Noticed Urug
 42683 | Orc:4    | Killed Urug
 42683 | Orc:4    | Reached XP level 14. HP: 84/102 MP: 14/34
 42811 | Orc:4    | Found a staircase to the Elven Halls.
 42819 | Orc:4    | Found Xuzerch's Antique Weapon Shoppe.
 42827 | Orc:4    | Xuzerch's Antique Weapon Shoppe was a mimic.
 42960 | Orc:4    | Offered knowledge of Poison Arrow by Vehumet.
 43310 | Orc:4    | Found Pluasm's Distillery.
 43310 | Orc:4    | Found Ulopp's Food Emporium.
 43311 | Orc:4    | Found Caozadogg's Antique Armour Shoppe.
 43311 | Orc:4    | Found Coetara's Magic Scroll Boutique.
 43420 | Orc:4    | Bought a jewelled cloak for 174 gold pieces
 43424 | Orc:4    | Bought a potion of cure mutation for 455 gold pieces
 43424 | Orc:4    | Bought a potion of heal wounds for 39 gold pieces
 43424 | Orc:4    | Bought a potion of speed for 71 gold pieces
 43424 | Orc:4    | Bought a potion of heal wounds for 39 gold pieces
 43424 | Orc:4    | Bought a potion of heal wounds for 39 gold pieces
 43431 | Orc:4    | Identified the +2 cloak of Seacy {Str+3 Int+2 Curse} (You bought it in a shop on level 4 of the Orcish Mines)
 44176 | D:11     | Upgraded the game from 0.12.2-7-g64ef654 to 0.12.2-8-g1913ee5
 44306 | D:11     | Found a shattered altar of Ashenzari.
 44913 | D:12     | Offered knowledge of Bolt of Draining by Vehumet.
 45108 | D:12     | Noticed Josephine
 45258 | D:12     | Killed Josephine
 45261 | D:12     | Reached skill level 5 in Fighting
 45561 | D:12     | Noticed Grum
 45563 | D:12     | Reached skill level 15 in Ice Magic
 45567 | D:12     | Killed Grum
 45956 | D:12     | Noticed Psyche
 45960 | D:12     | Killed Psyche
 46619 | D:12     | Got a polished sabre
 46621 | D:12     | Identified the sabre of Shrieking Terror {venom, +Rage Str+3 Int+2 Curse} (You found it on level 12 of the Dungeon)
 48166 | D:13     | Offered knowledge of Orb of Destruction by Vehumet.
 49338 | D:14     | Entered Level 14 of the Dungeon
 49630 | D:14     | Reached XP level 15. HP: 116/116 MP: 19/35
 49791 | D:14     | Reached skill level 15 in Spellcasting
 49913 | D:14     | Learned a level 7 spell: Orb of Destruction
 50965 | D:15     | Entered Level 15 of the Dungeon
 50968 | D:15     | Reached skill level 10 in Conjurations
 51077 | D:15     | Found Siwkut's Magic Scroll Shop.
 51085 | D:15     | Identified 2 scrolls of acquirement
 51511 | Lair:2   | Gained mutation: Your mind is acute (Int +1). [potion of gain intelligence]
 51682 | Elf:1    | Entered Level 1 of the Elven Halls
 51690 | Elf:1    | Noticed Maud
 51700 | Orc:4    | Reached skill level 1 in Staves
 52030 | Elf:1    | Killed Maud
 52317 | Elf:1    | Noticed Azrael
 52320 | Elf:1    | Killed Azrael
 52385 | Elf:1    | Offered knowledge of Lehudib's Crystal Spear by Vehumet.
 52385 | Elf:1    | Offered knowledge of Chain Lightning by Vehumet.
 52385 | Elf:1    | Offered knowledge of Tornado by Vehumet.
 52594 | D:15     | Bought a scroll of amnesia for 77 gold pieces
 52594 | D:15     | Bought a scroll of recharging for 77 gold pieces
 52594 | D:15     | Bought a scroll of identify for 28 gold pieces
 52600 | D:15     | Learned a level 3 spell: Passwall
 52859 | Orc:4    | Reached skill level 1 in Transmutations
 53045 | Elf:1    | Reached skill level 1 in Earth Magic
 53049 | Elf:1    | Noticed Kirke
 53056 | Elf:1    | Killed Kirke
 53342 | Elf:1    | Found a burning altar of Makhleb.
 54266 | Elf:1    | Noticed Nikola
 54275 | Elf:1    | Killed Nikola
 54966 | Elf:2    | Noticed Fannar
 54974 | Elf:2    | Killed Fannar
 55159 | Elf:2    | Noticed Roxanne
 55725 | Elf:2    | Killed Roxanne
 55725 | Elf:2    | Reached skill level 5 in Earth Magic
 56268 | Elf:2    | Noticed a Shadow Fiend
 56451 | Elf:3    | Entered Level 3 of the Elven Halls
 56805 | Lair:5   | the staircase to the Swamp was a mimic.
 57123 | D:15     | Upgraded the game from 0.12.2-8-g1913ee5 to 0.12.2-9-gf1dcfd2
 58933 | D:16     | Noticed Agnes
 58945 | D:16     | Killed Agnes
 59306 | D:16     | Got a pitted amethyst amulet
 60717 | D:16     | Reached XP level 16. HP: 124/124 MP: 24/36
 61230 | D:16     | Found a glowing silver altar of Zin.
 61555 | D:17     | Noticed Rupert
 61562 | D:17     | Killed Rupert
 61916 | D:16     | Learned a level 8 spell: Lehudib's Crystal Spear
 61929 | D:17     | Found Itaxaul's Food Shop.
 61931 | D:17     | Noticed Louise
 61937 | D:17     | Killed Louise
 62081 | D:17     | Reached skill level 10 in Earth Magic
 62176 | D:17     | Noticed kober's ghost (mighty KoBe)
 62402 | D:17     | Bought a bread ration for 52 gold pieces
 62402 | D:17     | Bought a meat ration for 52 gold pieces
 62402 | D:17     | Bought a bread ration for 52 gold pieces
 62402 | D:17     | Bought a meat ration for 52 gold pieces
 62402 | D:17     | Bought a bread ration for 52 gold pieces
 63548 | D:17     | Noticed Norris
 63556 | D:17     | Killed Norris
 63956 | D:17     | Killed kober's ghost
 64330 | D:17     | Found a glowing golden altar of the Shining One.
 65645 | D:18     | Noticed Jorgrun
 65659 | D:18     | Killed Jorgrun
 66556 | D:18     | Reached XP level 17. HP: 130/130 MP: 24/37
 67881 | D:18     | HP: 5/130 [two-headed ogre/great mace[an ogre mage] (25)]
 69119 | D:20     | Entered Level 20 of the Dungeon
 70438 | D:19     | Found a deep blue altar of Sif Muna.
 70461 | D:19     | Noticed Aizul
 70472 | D:19     | Killed Aizul
 71835 | D:20     | Found a staircase to the Vaults.
 71988 | D:20     | Noticed Mennas
 74800 | D:20     | Reached XP level 18. HP: 138/138 MP: 30/38
 77058 | D:21     | Found Mega's Jewellery Shop.
 77070 | D:21     | Bought an uncursed ring of regeneration for 420 gold pieces
 78065 | D:22     | Reached skill level 15 in Conjurations
 79363 | D:22     | Found a magical portal.
 79366 | WizLab   | Entered a wizard's laboratory
 79400 | WizLab   | Reached skill level 16 in Conjurations
 79963 | WizLab   | Got a sparkling book
 79967 | WizLab   | Got a glistering book
 79970 | WizLab   | Identified Cigotuvi's Volume of Shape Shifting (You found it in a wizard's laboratory)
 79970 | WizLab   | Identified Cigotuvi's Volume of Changing (You found it in a wizard's laboratory)
 79994 | WizLab   | Gained mutation: You digest meat inefficiently. [mutagenic cloud]
 79999 | WizLab   | Paralysed by a giant eyeball for 2 turns
 80003 | WizLab   | Lost mutation: You are agile (Dex +1). [mutagenic cloud]
 80006 | WizLab   | Gained mutation: Space occasionally distorts in your vicinity. [mutagenic cloud]
 80008 | WizLab   | Gained mutation: You have a fast metabolism. [mutagenic cloud]
 80009 | WizLab   | Paralysed by a giant eyeball for 2 turns
 80011 | WizLab   | Gained mutation: You are weak (Str -1). [mutagenic cloud]
 80392 | WizLab   | Reached XP level 19. HP: 145/145 MP: 37/38
 80468 | WizLab   | Gained mutation: You are agile (Dex +1). [potion of gain dexterity]
 80482 | WizLab   | Gained mutation: Your mind is acute (Int +2). [potion of gain intelligence]
 80484 | WizLab   | Gained mutation: Your mind is acute (Int +3). [potion of gain intelligence]
 80500 | WizLab   | Noticed Cigotuvi's Monster
 80659 | WizLab   | Killed Cigotuvi's Monster
 80960 | WizLab   | Gained mutation: Your body is misshapen. [mutagenic cloud]
 80963 | WizLab   | Turgon: I thought that should be great scrolls
 80963 | WizLab   | Turgon: But "only" summoning
 81411 | Lair:2   | Lost mutation: Your mind is acute (Int +3). [potion of cure mutation]
 81411 | Lair:2   | Lost mutation: You are agile (Dex +1). [potion of cure mutation]
 81411 | Lair:2   | Lost mutation: Space occasionally distorts in your vicinity. [potion of cure mutation]
 81411 | Lair:2   | Lost mutation: Your mind is acute (Int +2). [potion of cure mutation]
 81411 | Lair:2   | Lost mutation: You are weak (Str -1). [potion of cure mutation]
 81411 | Lair:2   | Lost mutation: Your mind is acute (Int +1). [potion of cure mutation]
 81411 | Lair:2   | Lost mutation: You have a fast metabolism. [potion of cure mutation]
 81442 | Lair:2   | Gained mutation: Your muscles are strong (Str +1). [potion of gain strength]
 82465 | D:23     | Reached skill level 15 in Earth Magic
 82603 | D:23     | Found a one-way gate leading to the halls of Pandemonium.
 83556 | D:23     | Found a one-way gate to the infinite horrors of the Abyss.
 86174 | D:24     | Reached skill level 17 in Earth Magic
 86275 | D:25     | Entered Level 25 of the Dungeon
 86485 | D:25     | Reached XP level 20. HP: 146/152 MP: 27/39
 88242 | D:25     | Noticed a tentacled monstrosity
 88282 | D:25     | Killed a tentacled monstrosity
 88620 | D:25     | Noticed a golden dragon
 88820 | D:25     | Killed a golden dragon
 89570 | D:25     | Noticed a shadow dragon
 89578 | D:25     | Killed a shadow dragon
 89911 | D:26     | HP: 7/152 [fire giant/bolt of fire (28)]
 89912 | D:26     | Killed from afar by a fire giant

Action                   |  1- 3 |  4- 6 |  7- 9 | 10-12 | 13-15 | 16-18 | 19-21 || total
-------------------------+-------+-------+-------+-------+-------+-------+-------++-------
Melee: Unarmed           |    81 |    84 |   515 |  1345 |   832 |    16 |       ||  2873
       Trident           |       |       |       |       |    15 |       |       ||    15
       Staff             |       |       |       |       |    86 |   114 |    31 ||   231
 Fire: Sling             |    48 |    56 |    32 |     4 |       |       |       ||   140
Throw: Dart              |     6 |       |       |       |       |       |       ||     6
       Stone             |     2 |       |     2 |    12 |       |       |       ||    16
       Javelin           |       |       |     7 |     2 |       |       |       ||     9
 Cast: Mephitic Cloud    |       |       |    11 |    53 |    24 |       |       ||    88
       Throw Icicle      |       |       |       |   132 |   357 |   455 |   214 ||  1158
       Conjure Flame     |       |       |       |    83 |    78 |     9 |       ||   170
       Blink             |       |       |       |    51 |    35 |    34 |     1 ||   121
       Repel Missiles    |       |       |       |     4 |    16 |    19 |    21 ||    60
       Call Imp          |       |       |       |    10 |       |       |       ||    10
       Airstrike         |       |       |       |    29 |   198 |    96 |    25 ||   348
       Iskenderun's Myst |       |       |       |    67 |   377 |    80 |     3 ||   527
       Shadow Creatures  |       |       |       |     6 |    50 |   157 |    43 ||   256
       Freezing Cloud    |       |       |       |       |    99 |   145 |    72 ||   316
       Abjuration        |       |       |       |       |    10 |       |       ||    10
       Confusing Touch   |       |       |       |       |     5 |       |       ||     5
       Orb of Destructio |       |       |       |       |     2 |       |       ||     2
       Lehudib's Crystal |       |       |       |       |       |       |     9 ||     9
 Abil: Breathe Frost     |       |       |    17 |    10 |     3 |       |       ||    30
Evoke: Wand              |       |       |     4 |     4 |    15 |    12 |     2 ||    37
       Miscellaneous     |       |       |       |     1 |       |       |       ||     1
  Use: Potion            |     5 |     1 |     2 |    14 |    11 |    11 |     8 ||    52
       Scroll            |     3 |       |     6 |    23 |    19 |     6 |    11 ||    68
 Stab: Sleeping          |       |       |     3 |     8 |     5 |       |       ||    16
       Confused          |       |       |    12 |    14 |     4 |       |       ||    30
       Distracted        |       |       |       |     1 |       |     2 |       ||     3
